 Dungeon Crawl Stone Soup version 0.17-a0-2208-ge5ab1d3 (webtiles) character file.

91 kosy22 the Covered (level 4, -3/40 HPs)
             Began as a Hill Orc Fighter on Oct 26, 2015.
             Slain by Ijustatesigmund's ghost (4 damage)
             ... on level 3 of the Dungeon.
             The game lasted 00:03:07 (1935 turns).

kosy22 the Covered (Hill Orc Fighter)               Turns: 1935, Time: 00:03:08

Health: -3/40      AC:  7    Str: 24    XL:     4   Next: 57%
Magic:  4/4        EV:  8    Int:  8    God:
Gold:   149        SH: 10    Dex: 10    Spells: 0 memorised, 3 levels left

rFire  . . .     SeeInvis .     a - +0 war axe
rCold  + . .     Clarity  .     b - +0 scale mail
rNeg   . . .     SustAt   .     c - +0 shield
rPois  .         Gourm    .     (no helmet)
rElec  .         Spirit   .     (no cloak)
rCorr  .         Warding  .     (no gloves)
rMut   .         Stasis   .     (no boots)
MR     .....                    (no amulet)
Stlth  ..........               (no ring)
                                n - ring of protection from cold

@: mighty, lethally poisoned (-3 -> -6), not resistant to hostile enchantments,
extremely unstealthy
A: no striking features
a: no special abilities


You were on level 3 of the Dungeon.
You were not hungry.

You visited 1 branch of the dungeon, and saw 3 of its levels.

You collected 149 gold pieces.

Inventory:

Hand Weapons
 a - a +0 war axe (weapon)
Missiles
 j - 63 bolts
 k - 60 arrows
Armour
 b - a +0 scale mail (worn)
 c - a +0 shield (worn)
Jewellery
 n - a ring of protection from cold (left hand)
Wands
 o - a wand of fireball (6)
Scrolls
 h - a scroll of enchant armour {unknown}
 i - a scroll of teleportation
 m - a scroll of noise {unknown}
 q - 2 scrolls of identify
 r - a scroll of immolation {unknown}
 s - 2 scrolls of fog {unknown}
Potions
 d - a potion of might
 g - a potion of curing {unknown}
 l - a potion of haste {unknown}
 p - a potion of flight {unknown}
Comestibles
 e - 2 bread rations
 f - 2 meat rations


   Skills:
 + Level 3.9 Fighting
 + Level 3.6 Axes
 + Level 4.1 Armour
 + Level 0.8 Dodging
 + Level 4.1 Shields


You had 3 spell levels left.
You didn't know any spells.

Dungeon Overview and Level Annotations

Branches:
Dungeon (3/15)

Altars:
Dithmenos
Vehumet

Annotations:
D:3 Ijustatesigmund's ghost, amateur OpWz


Message History

You slash Ijustatesigmund's ghost!
Ijustatesigmund's ghost is heavily damaged.
You feel sick.
You block Ijustatesigmund's ghost's attack.
You slash Ijustatesigmund's ghost!
Ijustatesigmund's ghost is almost destroyed.
Ijustatesigmund's ghost stares at you and mumbles some strange words.
The magic dart hits you!
* * * LOW HITPOINT WARNING * * *
You block Ijustatesigmund's ghost's attack.
You barely miss Ijustatesigmund's ghost.
Ijustatesigmund's ghost is almost destroyed.
* * * LOW HITPOINT WARNING * * *
You feel sick.
You block Ijustatesigmund's ghost's attack.
You miss Ijustatesigmund's ghost.
Ijustatesigmund's ghost is almost destroyed.
You block Ijustatesigmund's ghost's attack.
Ijustatesigmund's ghost hits you.
You die...

#.......# #
#.......### #.
#.........###
#.#
#...........#
...#....#...#..#
#.#...###.###.#
#......#...#..#
###.)...._....#
#.@..#...#..#
#.#W..###.###.#
.......#...#..#
#.#...........#
...##.....######
..# ####### ...
..


You could see Ijustatesigmund's ghost.

Vanquished Creatures
  Terence (D:3)
  2 adders (D:2)
  2 oozes
  A giant gecko (D:1)
  6 bats
  3 goblins (D:2)
  8 hobgoblins
  2 quokkas (D:2)
  3 giant cockroaches (D:2)
  A giant gecko skeleton (D:3)
  5 giant newts
  3 kobolds
  3 rats
40 creatures vanquished.

Notes
Turn   | Place    | Note
--------------------------------------------------------------
     0 | D:1      | kosy22 the Hill Orc Fighter began the quest for the Orb.
     0 | D:1      | Reached XP level 1. HP: 19/19 MP: 1/1
   160 | D:1      | Reached XP level 2. HP: 24/27 MP: 2/2
   579 | D:1      | Reached XP level 3. HP: 33/33 MP: 3/3
  1073 | D:2      | Reached skill level 4 in Armour
  1327 | D:2      | Found a shadowy altar of Dithmenos.
  1655 | D:2      | Reached XP level 4. HP: 27/40 MP: 4/4
  1806 | D:3      | Found a radiant altar of Vehumet.
  1837 | D:3      | Noticed Terence
  1847 | D:3      | Killed Terence
  1918 | D:3      | Noticed Ijustatesigmund's ghost (amateur OpWz)
  1933 | D:3      | HP: 2/40 [Ijustatesigmund's ghost/magic dart (8)]
  1935 | D:3      | Slain by Ijustatesigmund's ghost

Vault maps used:
D:1:      minmay_arrival_four_loops
D:2:      marbit_many_paths, minmay_close_crescents
D:3:      kennysheep_goblin_castle, vehumet_crystals, uniq_robin, uniq_terence

Action                   |  1- 3 |  4- 6 || total
-------------------------+-------+-------++-------
Melee: War axe           |   107 |    24 ||   131
  Use: Scroll            |     2 |       ||     2
       Potion            |       |     1 ||     1
  Eat: Meat ration       |     1 |       ||     1
